 Dungeon Crawl Stone Soup version 0.20-a0-1065-g8446734 (console) character file.

1200 nht the Slicer (level 8, 0/39 HPs)
             Began as a Vine Stalker Berserker on Apr 28, 2017.
             Was a Priest of Trog.
             Slain by an orc warrior
             ... wielding a +0 mace
              (2 damage)
             ... on level 6 of the Dungeon.
             The game lasted 00:07:26 (3626 turns).

nht the Slicer (Vine Stalker Berserker)             Turns: 3626, Time: 00:07:27

Health: 0/39       AC:  7    Str: 18 (20) XL:     8   Next: 44%
Magic:  0/9        EV: 12    Int:  4 (7)  God:    Trog [***...]
Gold:   322        SH:  0    Dex: 13 (14) Spells: 7/7 levels left

rFire    . . .     SeeInvis .   a - +0 short sword (elec)
rCold    + . .     Gourm    .   (no shield)
rNeg     . . .     Faith    .   b - +1 animal skin
rPois    .         Spirit   +   (no helmet)
rElec    .         Reflect  .   g - +2 cloak
rCorr    .         Harm     .   (no gloves)
MR       +....     Rnd*Tele +   t - +0 pair of boots
Stlth    +.........             (no amulet)
Regen    0.6/turn               s - ring of teleportation (curse)
MPRegen  0.2/turn               p - -2 ring of dexterity (curse)

@: slowed, very slow
A: fangs 3, hooves 1, blurry vision 1, cold resistance 1, regeneration 1, magic
shield, antimagic bite, no potion heal 3, rot immunity, MP-powered wands
a: Berserk, Trog's Hand, Burn Spellbooks, Renounce Religion


You were on level 6 of the Dungeon.
You worshipped Trog.
Trog was most pleased with you.
You were not hungry.

You visited 1 branch of the dungeon, and saw 6 of its levels.

You collected 322 gold pieces.

Inventory:

Hand Weapons
 a - a +0 short sword of electrocution (weapon)
 l - a cursed -2 great sword
Armour
 b - a +1 animal skin (worn)
 g - a +2 cloak (worn)
 t - a +0 pair of boots (worn)
Jewellery
 j - an uncursed ring of ice
 o - a +5 ring of strength
 p - a cursed -2 ring of dexterity (right hand)
 s - a cursed ring of teleportation (left hand)
Wands
 k - a wand of polymorph (2/24)
Scrolls
 e - a scroll of enchant weapon
Potions
 d - a potion of resistance
 m - a potion of haste
 n - a potion of flight
Comestibles
 c - 3 bread rations
 f - 6 fruits
 h - a meat ration
 q - 5 chunks of flesh


   Skills:
 - Level 2.6 Fighting
 + Level 9.4 Short Blades
 - Level 1.5 Armour
 - Level 1.5 Dodging


You had 7 spell levels left.
You didn't know any spells.

Dungeon Overview and Level Annotations

Branches:
Dungeon (6/15)
 Temple: D:4-7

Altars:
Ashenzari
Cheibriados
Nemelex Xobeh


Innate Abilities, Weirdness & Mutations

You have razor-sharp teeth.
Your natural rate of healing is unusually fast.
When hurt, damage is shared between your health and your magic reserves.
Your bite disrupts and absorbs the magic of your enemies.
Potions cannot restore your health.
You are immune to rotting.
You have large cloven feet.
Scrolls take you a little longer to read.
Your flesh is cold resistant. (rC+)
You expend magic power (3 MP) to strengthen your wands.


Message History

You bite the orc warrior, but do no damage.
The orc warrior is moderately wounded.
Okay, then.
You closely miss the orc warrior.
You bite the orc warrior, but do no damage.
The orc warrior is moderately wounded.
The orc misses you. The orc warrior hits you with a mace!
* * * LOW HITPOINT WARNING * * *
Unknown command.
You barely miss the orc. You bite the orc. You drain its power.
You feel invigorated.
You kill the orc!
Trog accepts your kill. The orc warrior hits you with a mace.
You hit the orc.
The orc is severely wounded.
You feel less invigorated.
You feel less confused. The orc warrior hits you with a mace!
You die...

≈≈P♣♣...██.......
♣≈P♣♣....█.......
♣♣≈♣♣............. ♣
♣♣♣P≈≈♣♣♣♣♣█.██..███
♣.♣.♣≈..♣♣♣♣≈█..(.██
..≈≈≈)≈≈≈≈.....█.████
♣≈≈≈≈♣≈P♣♣..██...██
♣♣o♣♣ ♣..████.██
♣@o≈♣


████ █.██ ♣≈.♣♣ █... ♣♣≈♣♣ ████ ♣).♣ █ █..█ █ ██.████ █ █.≈♣≈♣P≈ █ ███♣
♣≈♣≈♣♣≈♣♣≈ ██≈≈♣♣♣♣≈≈P≈≈P≈♣ You could see an orc warrior and an orc.

Vanquished Creatures
  A steam dragon (D:6)
  A sky beast (D:5)
  3 ogres
  3 electric eels (D:6)
  A crimson imp (D:6)
  2 howler monkeys
  A quasit (D:6)
  3 hounds
  2 orc priests
  A centaur skeleton (D:4)
  Terence (D:3)
  An orc wizard (D:4)
  3 worker ants
  4 gnolls (D:2)
  4 adders
  A shadow imp (D:6)
  2 adder zombies
  A dart slug (D:1)
  5 leopard geckos
  11 orcs
  4 giant cockroaches
  4 goblins
  7 hobgoblins
  6 jackals
  A quokka (D:3)
  8 bats
  8 frilled lizards
  A giant cockroach zombie (D:5)
  A jackal skeleton (D:3)
  6 kobolds
  9 rats
106 creatures vanquished.

Notes
Turn   | Place    | Note
-------+----------+-------------------------------------------
     0 | D:1      | nht the Vine Stalker Berserker began the quest for the Orb.
     0 | D:1      | Reached XP level 1. HP: 11/11 MP: 2/2
    46 | D:1      | Reached skill level 3 in Short Blades
   102 | D:1      | Reached XP level 2. HP: 11/16 MP: 3/3
   610 | D:2      | Reached XP level 3. HP: 19/19 MP: 4/4
   614 | D:2      | Reached skill level 4 in Short Blades
   620 | D:2      | Gained mutation: Your natural rate of healing is unusually fast. [Vine Stalker growth]
   620 | D:2      | Reached XP level 4. HP: 18/23 MP: 2/5
   623 | D:2      | Reached ** piety under Trog
  1541 | D:3      | Noticed Terence
  1551 | D:3      | Reached skill level 5 in Short Blades
  1555 | D:3      | Killed Terence
  1555 | D:3      | Reached XP level 5. HP: 27/27 MP: 6/6
  1865 | D:4      | Reached XP level 6. HP: 32/32 MP: 7/7
  1868 | D:4      | Reached skill level 6 in Short Blades
  2259 | D:4      | Found a shattered altar of Ashenzari.
  2637 | D:5      | Entered Level 5 of the Dungeon
  2656 | D:5      | Reached skill level 7 in Short Blades
  2656 | D:5      | Reached XP level 7. HP: 35/35 MP: 8/8
  2857 | D:5      | Found a sparkling altar of Nemelex Xobeh.
  3017 | D:5      | Found a snail-covered altar of Cheibriados.
  3352 | D:6      | Reached skill level 8 in Short Blades
  3443 | D:6      | Gained mutation: You have razor-sharp teeth. [Vine Stalker growth]
  3443 | D:6      | Reached XP level 8. HP: 39/39 MP: 9/9
  3539 | D:6      | Reached *** piety under Trog
  3546 | D:6      | Reached skill level 9 in Short Blades
  3614 | D:6      | Gained mutation: Scrolls take you a little longer to read. [potion of mutation]
  3614 | D:6      | Gained mutation: You expend magic power (3 MP) to strengthen your wands. [potion of mutation]
  3614 | D:6      | Gained mutation: Your flesh is cold resistant. (rC+) [potion of mutation]
  3614 | D:6      | Gained mutation: You have large cloven feet. [potion of mutation]
  3622 | D:6      | HP: 1/39 [orc (2)]
  3626 | D:6      | Slain by an orc warrior

Vault maps used:
D:1:      lordsloth_arrival_two_stooges
D:2:      first_bread
D:3:      uniq_terence
D:4:      hex_medium, minmay_parallelograms, grunt_decor_mini_mirrors,
          kennysheep_small_spiral, lemuel_statue_altar
D:5:      kennysheep_little_box, nemelex_xobeh_ov_fountains_minmay
D:6:      minmay_temple_entry_nine_rooms, serial_bayou, serial_bayou_crossing,
          serial_bayou_lake_a, serial_bayou_pond_a, serial_bayou_pond_a

Skill      XL: |  1  2  3  4  5  6  7  8 |
---------------+-------------------------+-----
Short Blades   | 3 4 5 7 8 9 |  9.4
Fighting       | |  2.6
Armour         | |  1.5
Dodging        | |  1.5

Action                   |  1- 3 |  4- 6 |  7- 9 || total
-------------------------+-------+-------+-------++-------
Melee: Short sword       |    79 |    92 |   120 ||   291
       Bite              |    11 |    29 |    26 ||    66
Invok: Berserk           |     1 |     3 |     4 ||     8
       Trog's Hand       |       |     1 |       ||     1
Evoke: Wand              |       |       |     4 ||     4
  Use: Scroll            |     5 |    10 |     1 ||    16
       Potion            |       |     2 |     3 ||     5
 Stab: Sleeping          |     2 |     2 |     1 ||     5
  Eat: Chunk             |       |     8 |     8 ||    16
Armor: Animal skin       |    17 |    16 |    31 ||    64
Dodge: Dodged            |    55 |    57 |    70 ||   182
